 Dungeon Sprint DCSS version 0.31-a0-662-g684573625c (webtiles) character file.

Game seed: 11717331798352675928

4 sircluck the Grave Robber (level 1, -2/13 HPs)
             Began as a Mummy Necromancer on Sept 1, 2023.
             Slain by a human (4 damage)
             ... in the Dungeon (Sprint III: "The Ten Rune Challenge").
             The game lasted 00:01:10 (109 turns).

sircluck the Grave Robber (Mummy Necromancer)        Turns: 109, Time: 00:01:11

Health: -2/13      AC:  2    Str: 11    XL:     1   Next: 50%
Magic:  0/4        EV: 11    Int: 14    God:
Gold:   0          SH:  5    Dex: 12    Spells: 5/6 levels left

rFire   x . .        (no weapon)
rCold   + . .        d - +2 buckler
rNeg    + + +        a - +0 robe
rPois   ∞            (no helmet)
rElec   .            (no cloak)
rCorr   .            (no gloves)
SInv    .            (no boots)
Will    .....        (no amulet)
Stlth   ++           (no ring)
HPRegen 0.22/turn    (no ring)
MPRegen 0.09/turn

%: no teleportation, faith
@: no status effects
A: cold resistance 1, negative energy resistance 3, torment resistance 2, heat
vulnerability 1, in touch with death 1, no potions, faith
a: no special abilities


You were in the Dungeon.
You visited 1 branch

Inventory:

Armour
 a - a +0 robe (worn)
 d - a +2 buckler (worn)


   Skills:
 - Level 1.5 Dodging
 + Level 2.1 Stealth
 + Level 3.2 Spellcasting
 * Level 4.6 Necromancy


You had 5 spell levels left.
You knew the following spells:

 Your Spells              Type           Power      Damage    Failure   Level
a - Necrotise             Necr           88%        1d8       4%          1

Your spell library contained the following spells:

 Spells                   Type           Power      Damage    Failure   Level
 Vampiric Draining        Necr           22%        2d7       14%         3
 Animate Dead             Necr           22%        N/A       41%         4
 Agony                    Necr           22%        N/A       77%         5


Dungeon Overview and Level Annotations

Branches:
Dungeon (1/1)

Altars:


Innate Abilities, Weirdness & Mutations

You are immune to poison.
Your flesh is cold resistant. (rC+)
You are immune to negative energy. (rN+++)
You are immune to unholy pain and torment.
You are vulnerable to heat. (rF-)
You are in touch with the powers of death.
You do not drink.
You have a special connection with the divine. (Faith)


Message History

Your rat skeleton is destroyed!
Casting: Necrotise (safe; 4% risk of failure)
Confirm with . or Enter, or press ? or * to list all spells.
You don't have enough magic to cast this spell.
The human attacks as it pursues you! The human hits you.
Casting: Necrotise (safe; 4% risk of failure)
Confirm with . or Enter, or press ? or * to list all spells.
Aiming: Necrotise (safe; 4% risk of failure)
Press: ? - help, Shift-Dir - straight line, f/p - human
Aim: a human (moderately wounded, chance to affect: 81%)
You feel a surge of power!
The human writhes in agony.
You block the human's attack.
Casting: Necrotise (safe; 4% risk of failure)
Confirm with . or Enter, or press ? or * to list all spells.
Aiming: Necrotise (safe; 4% risk of failure)
Press: ? - help, Shift-Dir - straight line, f/p - human
Aim: a human (heavily wounded, chance to affect: 81%)
You feel a surge of power!
The human writhes in agony!
The human hits you.
You barely miss the human.
The human is severely wounded.
The human barely misses you.
Blink to where?
Press: ? - help, Q - select action, (/) - cycle Dir - move target, p - human
As you read the scroll of blinking, it crumbles to dust.
Sorry, you're not good enough to have a special ability.
Casting: Necrotise (safe; 4% risk of failure)
Confirm with . or Enter, or press ? or * to list all spells.
Aiming: Necrotise (safe; 4% risk of failure)
Press: ? - help, Shift-Dir - straight line, f - human
Aim: a human (severely wounded, chance to affect: 81%)
You feel a surge of power!
The human writhes in agony.
You hit the human.
The human is almost dead.
The human hits you!
Ouch! That really hurt!
* * * LOW HITPOINT WARNING * * *
As you read the scroll labelled KIMEAC ICSIAL, it crumbles to dust.
You feel a surge of unholy energy.
The human convulses!
It was a scroll of torment.
The human hits you.
You die...

▓##.##.##...# .#
##.##.###..# ..#
▓#.####.##..# ...+
▓.###..##..##
#...# ▓#§.p..##..#
#....#
###..##...##.....#
##..##....#......#
#..###.p##.# #..#
#.@#### ▓▓▓▓ ▓▓▓▓


You could see a human.

Vanquished Creatures
  2 endoplasms (D)
  2 rats (D)
4 creatures vanquished.

Notes
Turn   | Place    | Note
-------+----------+-------------------------------------------
     0 | D        | sircluck the Mummy Necromancer began the quest for the Orb.
     0 | D        | Reached XP level 1. HP: 13/13 MP: 4/4
   109 | D        | Slain by a human

Illustrated notes

Levels and vault maps discovered:
D:        dungeon_sprint_mu [sprint_mu_entry_cave, sprint_mu_temple_rooms,
          sprint_mu_d1_horrors, sprint_mu_d2_genie, sprint_mu_d3_branching,
          sprint_mu_orc_legion, sprint_mu_elf_gauntlet, sprint_mu_hive_nellie,
          sprint_mu_lair_fedhas, sprint_mu_vaults_butterflies,
          sprint_mu_slime_circle, sprint_mu_swamp_cave, sprint_mu_snake_twists,
          sprint_mu_blade_basic, sprint_mu_crypt_fortress,
          sprint_mu_tomb_spiral, sprint_mu_vestibule_basic,
          sprint_mu_gehenna_hellfire, sprint_mu_dis_giant,
          sprint_mu_tartarus_statrot, sprint_mu_cocytus_islands, sprint_mu_zot1]

Skill      XL: |  1 |
---------------+----+-----
Spellcasting   | 3 |  3.2
Stealth        | 2 |  2.1
Dodging        | |  1.5
Necromancy     | |  4.6

Action                     || total
---------------------------++-------
  Melee: Unarmed           ||     2
   Cast: Necrotise         ||    11
    Use: Scroll            ||     2
 Armour: Robe              ||     4
  Dodge: Dodged            ||     1
  Block: Buckler           ||     1

Table legend: (Time is in decaauts)
 A = Elapsed time spent in this place.
 B = Non-inter-level travel time spent in this place.
 C = Inter-level travel time spent in this place.
 D = Time resting spent in this place.
 E = Time spent auto-exploring this place.
 F = Levels seen in this place.
 G = Mean time per level.
                   A        B        C        D        E       F      G
               +--------+--------+--------+--------+--------+-----+--------+
         Total |    109 |    109 |      0 |      0 |     26 |   1 |  109.0 |
       Dungeon |    109 |    109 |      0 |      0 |     26 |   1 |  109.0 |
               +--------+--------+--------+--------+--------+-----+--------+

Top non-repeatable levels by time:
       D: 109 daAuts
